 Dungeon Crawl Stone Soup version 0.28-a0-957-g42eb19b844 (webtiles) character file.

Game seed: 9894272981014833643

417917 oldriver the Sorcerer (level 24, -1/188 HPs)
             Began as a Djinni Air Elementalist on Nov 29, 2021.
             Was the Champion of Makhleb.
             Slain by a caustic shrike (3 damage)
             ... on level 3 of the Depths on Nov 30, 2021.
             The game lasted 03:26:23 (60689 turns).

oldriver the Sorcerer (Djinni Air Elementalist)    Turns: 60689, Time: 03:26:28

Health: -1/188     AC: 10    Str: 22      XL:     24   Next: 79%
Gold:   3489       EV: 19    Int: 30 (31) God:    Makhleb [******] SH: 14 Dex: 22

rFire   + + .      SeeInvis .   S - +4 flail of the Warrior-Mage {speed, rN++ Str+4}
rCold   + + .      Faith    .   R - +3 kite shield "Qoarr" {rC+ MP+9 Int+3}
rNeg    + + +      Spirit   .   x - +1 robe of Zodes {Regen+ Dex+4 Stlth+}
rPois   ∞          Reflect  .   N - +2 hat {Stlth+}
rElec   +          Harm     .   o - +1 cloak of Starlight {*Dazzle EV+4 Stlth--}
rCorr   +          Rampage  .   u - +2 pair of gloves {Str+3}
Will    +++..                   (boots unavailable)
Stlth   +++.......              Y - macabre finger necklace {rN+}
HPRegen 1.21/turn               H - ring "Dootred" {rElec rC+ rCorr Str+4}
MPRegen 0.00/turn               c - ring of willpower
                                X - ring of Touwen {rC+ Str+4 Int+3}

@: flying
A: sickness immunity, fire resistance 2, cold vulnerability 1, float, innate
caster, hp casting, extra vitality 1
}: 2/15 runes: barnacled, gossamer
a: Renounce Religion, Minor Destruction, Lesser Servant of Makhleb, Major
Destruction, Greater Servant of Makhleb


You were on level 3 of the Depths.
You worshipped Makhleb.
Makhleb was exalted by your worship.
You visited 9 branches of the dungeon, and saw 43 of its levels.
You visited 1 bazaar.
You also visited: Bailey, Ice Cave and Wizlab.

You collected 6058 gold pieces.
You spent 2569 gold pieces at shops.

Inventory:

Hand Weapons
 S - the +4 flail of the Warrior-Mage (weapon) {speed, rN++ Str+4}
   (You took it off a deep elf death mage on level 3 of the Elven Halls)

   Attacks with this weapon are significantly faster.
   Str:       It affects your strength (+4).
   rN:        It greatly protects you from negative energy.
Missiles
 J - 6 throwing nets
Armour
 o - the +1 cloak of Starlight (worn) {*Dazzle EV+4 Stlth--}
   (You found it on level 4 of the Dungeon)

   It may blind those who miss an attack against the wearer in melee combat.
   EV:        It affects your evasion (+4).
   Stlth:     It makes you much less stealthy.
 q - a +2 robe of cold resistance
 u - a +2 pair of gloves of strength (worn)
 x - the +1 robe of Zodes (worn) {Regen+ Dex+4 Stlth+}
   (You bought it in a shop on level 3 of the Elven Halls)

   Dex:       It affects your dexterity (+4).
   Regen:     It increases your rate of health regeneration.
   Stlth:     It makes you more stealthy.
 N - a +2 hat of stealth (worn)
 R - the +3 kite shield "Qoarr" (worn) {rC+ MP+9 Int+3}
   (You acquired it on level 3 of the Shoals)

   Int:       It affects your intelligence (+3).
   rC:        It protects you from cold.
   MP:        It affects your magic capacity (+9).
Jewellery
 c - a ring of willpower (right hand)
 e - a +6 ring of strength
 f - a ring of see invisible
 h - the ring "Owkuh" {rPois SInv}
   (You took it off a deep elf high priest on level 3 of the Elven Halls)

   [ring of see invisible]

   rPois:     It protects you from poison.
   SInv:      It lets you see invisible.
 n - a ring of protection from fire
 H - the ring "Dootred" (left hand) {rElec rC+ rCorr Str+4}
   (You found it on level 10 of the Dungeon)

   [ring of resist corrosion]

   Str:       It affects your strength (+4).
   rC:        It protects you from cold.
   rElec:     It insulates you from electricity.
   rCorr:     It protects you from acid and corrosion.
 M - the amulet "Utwaptume" {Will++ Regen+ Str-2}
   (You bought it in a shop on level 2 of the Orcish Mines)

   [amulet of regeneration]

   Str:       It affects your strength (-2).
   Regen:     It increases your rate of health regeneration.
   Will:      It greatly increases your willpower.
 X - the ring of Touwen (on amulet) {rC+ Str+4 Int+3}
   (You found it in a wizard's laboratory)

   [ring of protection from cold]

   Str:       It affects your strength (+4).
   Int:       It affects your intelligence (+3).
   rC:        It protects you from cold.
 Y - the macabre finger necklace (around neck) {rN+}
   (You took it off a fire giant on level 1 of the Depths)

   [amulet of nothing]

   It enables you to equip an extra ring.
   rN:        It protects you from negative energy.
Wands
 i - a wand of mindburst (58)
 p - a wand of acid (25)
 t - a wand of polymorph (20)
 v - a wand of flame (118)
 A - a wand of iceblast (115)
 B - a wand of charming (24)
 E - a wand of digging (21)
 I - a wand of paralysis (28)
Scrolls
 a - a scroll of enchant armour
 b - 17 scrolls of teleportation
 d - 3 scrolls of identify
 l - 2 scrolls of fear
 w - 8 scrolls of blinking
 y - a scroll of holy word
 L - 7 scrolls of fog
 P - 2 scrolls of magic mapping
 U - a scroll of summoning
Potions
 g - 5 potions of ambrosia
 j - 4 potions of might
 k - 6 potions of curing
 r - 5 potions of berserk rage
 s - 2 potions of invisibility
 z - 3 potions of haste
 D - 3 potions of cancellation
 F - 6 potions of brilliance
 G - 7 potions of heal wounds
 K - 7 potions of mutation
 Q - 7 potions of lignification
 T - 2 potions of resistance
Miscellaneous
 m - a piece from Xom's chessboard (15/15)
 O - a piece from Xom's chessboard (15/15)


   Skills:
 * Level 20.5 Fighting
 - Level 0.3 Short Blades
 + Level 0.1(0.3) Maces & Flails
 + Level 0.5 Staves
 + Level 6.9 Dodging
 - Level 3.8 Stealth
 + Level 4.9 Shields
 + Level 26.8 Spellcasting


You had 12 spell levels left.
You knew the following spells:

 Your Spells              Type           Power      Damage    Failure   Level
a - Shock                 Conj/Air       100%       1d9       0%          1
b - Static Discharge      Conj/Air       100%       N/A       0%          2
c - Swiftness             Air            100%       N/A       0%          3
d - Airstrike             Air            58%        N/A       0%          4
e - Animate Skeleton      Necr           100%       N/A       0%          1
f - Blink                 Tloc           100%       N/A       0%          2
g - Conjure Flame         Conj/Fire      100%       6-21      0%          3
h - Iskenderun's Mystic   Conj/Tloc      100%       2d19      0%          4
i - Animate Armour        Summ/Erth      100%       N/A       0%          4
j - Malign Gateway        Summ/Tloc      58%        N/A       1%          7
k - Summon Cactus Giant   Summ           58%        N/A       0%          6
l - Simulacrum            Ice/Necr       58%        N/A       0%          6
m - Summon Horrible Thin  Summ           58%        N/A       1%          8
n - Disjunction           Tloc           58%        N/A       1%          8
y - Silence               Hex/Air        58%        N/A       0%          5
Your spell library was empty.

Dungeon Overview and Level Annotations

Branches:
Dungeon (15/15)            Temple (1/1) D:4            Lair (6/6) D:9
 Shoals (4/4) Lair:3       Spider (4/4) Lair:2        Slime (0/5) Lair:6
    Orc (2/2) D:10            Elf (3/3) Orc:2        Vaults (4/5) D:13
  Crypt (0/3) Vaults:2     Depths (4/4) D:15         Bailey (visited)
  IceCv (visited)          WizLab (visited)
    Zot: Depths:4

Altars:
Ashenzari
Cheibriados
Dithmenos
Elyvilon
Fedhas
Gozag
Hepliaklqana
Kikubaaqudgha
Makhleb
Nemelex Xobeh
Okawaru
Qazlal
Ru
Sif Muna
Trog
Uskayaw
Vehumet
Wu Jian
Xom
Yredelemnul
Zin
The Shining One

Shops:
Orc:2 !=**=   Elf:1 [   Elf:3 [?**   Vaults:3 *:!!   Depths:4 *

Portals:
Hell: Depths:1 Depths:2
Pandemonium: Depths:1
Ziggurat: Depths:2
Trove: Vaults:1 (give 5 scrolls of fear)

Annotations:
D:10 2 transporters
Vaults:2 1 transporter, shoop's ghost, adept VSSu
Depths:4 Margery


Innate Abilities, Weirdness & Mutations

You are immune to sickness and miasma.
You are immune to poison.
Your flesh is very heat resistant. (rF++)
You are vulnerable to cold. (rC-)
You float through the air rather than walking.
You learn spells naturally, not from books.
Your magical power is your life essence.
You have superior vitality. (+4 HP)


Message History

Your tentacled monstrosity tentacle-slaps the purple ugly thing but does no damage.
Your tentacled monstrosity tentacle-slaps the purple ugly thing!
The purple ugly thing dies!
Makhleb accepts your kill.
Casting: Summon Horrible Things (mildly dangerous; 1% risk of failure)
Confirm with . or Enter, or press ? or * to list all spells.
The dungeon shakes, a horrible noise fills the air, and a portal to some otherworldly place is opened!
* * * LOW HITPOINT WARNING * * *
You block the caustic shrike's attack. The caustic shrike misses you.
The green very ugly thing claws your tentacled monstrosity!!
Your tentacled monstrosity looks as sick as possible!
The green very ugly thing poisons your tentacled monstrosity!
Your large abomination hits the caustic shrike!!
You block the caustic shrike's attack.
Your large abomination completely misses the caustic shrike.
You feel much better. The caustic shrike claws you.
* * * LOW HITPOINT WARNING * * *
You are splashed with acid.
You resist.
* * * LOW HITPOINT WARNING * * *
The caustic shrike claws you!!
* * * LOW HITPOINT WARNING * * *
You are splashed with acid.
You resist.
* * * LOW HITPOINT WARNING * * *
The caustic shrike completely misses you.
You block the caustic shrike's attack. The caustic shrike closely misses you.
You block the caustic shrike's attack.
As you read the scroll of fear, it crumbles to dust.
You assume a fearsome visage.
The purple very ugly thing looks frightened!
The purple ugly thing easily resists.
The brown very ugly thing looks frightened!
The green very ugly thing looks frightened!
The caustic shrike resists with almost no effort.
The caustic shrike easily resists. x2; The caustic shrike misses you.
The caustic shrike claws you!
* * * LOW HITPOINT WARNING * * *
You are splashed with acid.
You resist.
* * * LOW HITPOINT WARNING * * *
You block the caustic shrike's attack. The caustic shrike claws you.
You die...

+.........
#.......#
#.......#
#.......#
#>.u...#
#uuu...#
#u####+#
###XX....#
#.@XX...##
#bbb.####
......#
##.....#
#.....+
#..§§##
...w.#
#....§+


You could see 3 caustic shrikes, 3 very ugly things, a purple ugly thing, a
friendly tentacled monstrosity (summoned, extremely poisoned), a friendly
eldritch tentacle and 3 friendly large abominations.

Vanquished Creatures
  Arachne (Spider:4)
  Rupert (D:12)
  2 deep elf blademasters (Elf:2)
  A lich (Vaults:4)
  2 deep elf master archers (Elf:3)
  A kraken (Shoals:4)
  Gastronok (Orc:1)
  A sphinx (Vaults:3)
  A tengu reaver (Depths:1)
  Donald (Vaults:3)
  2 fire giants (Depths:1)
  2 frost giants
  3 vault wardens
  An iron dragon (Depths:1)
  4 deep elf sorcerers (Elf:3)
  3 ghost moths
  2 emperor scorpions (Spider:4)
  A balrug (WizLab)
  A cacodemon (WizLab)
  A deep elf elementalist (Elf:3)
  A spriggan defender (Depths:1)
  5 very ugly things (Vaults:1)
  5 stone giants (Depths:1)
  3 ironbound preservers
  A war gargoyle (Vaults:3)
  Nessos (D:12)
  2 deep elf demonologists (Elf:3)
  A vampire knight (Depths:1)
  4 deep elf annihilators (Elf:3)
  4 spark wasps (Spider:4)
  An entropy weaver (Spider:3)
  6 dire elephants
  A white draconian (IceCv)
  An entropy weaver (shapeshifter) (Elf:1)
  2 blizzard demons (WizLab)
  2 ettins (Depths:1)
  A green death (WizLab)
  A fire dragon (Depths:1)
  2 deep elf death magi
  3 yaktaur captains (Vaults:4)
  6 merfolk impalers
  7 great orbs of eyes
  4 ice dragons (IceCv)
  2 rakshasas (Depths:1)
  4 ironbound thunderhulks
  A spriggan air mage (Depths:1)
  6 boulder beetles
  2 merfolk avatars
  4 vault guards
  7 hydras
  An ogre mage (Vaults:4)
  3 alligator snapping turtles
  Erica (D:8)
  A death knight (D:13)
  8 ironbound frosthearts
  8 centaur warriors
  3 merfolk aquamancers
  2 tengu warriors
  2 two-headed ogres
  A deep troll earth mage (Depths:1)
  5 death scarabs (Spider:4)
  3 death yaks (Lair:4)
  A vampire mage (Depths:1)
  2 hell knights
  12 dancing weapons
  3 orc high priests (Orc:2)
  3 sun demons
  Nergalle (Lair:2)
  8 deep elf knights
  2 skeletal warriors (D:15)
  15 sea snakes
  9 deep trolls
  A flayed ghost (D:15)
  8 deep elf archers
  A spectral wolf spider (Spider:4)
  A shadow demon (WizLab)
  An orange crystal statue (IceCv)
  3 wolf spider zombies (Spider:4)
  Pikel (D:4)
  9 wizards
  A lindwurm (shapeshifter) (Elf:2)
  4 ironbound convokers
  8 orc knights
  13 deep elf pyromancers
  10 orb spiders
  6 lindwurms
  14 harpies
  4 oklob plants (Lair:1)
  8 cyclopes
  27 ugly things
  16 deep elf zephyrmancers
  15 wolf spiders
  5 necromancers
  8 orc sorcerers
  A tengu skeleton (Vaults:2)
  14 fauns
  A manticore (shapeshifter) (Elf:1)
  3 stone giant zombies
  12 manticores
  13 merfolk sirens
  17 elephants
  7 moths of wrath
  2 rust devils
  15 vault sentinels
  4 water nymphs
  4 black mambas
  2 smoke demons (WizLab)
  A gargoyle (D:10)
  2 water nymphs (shapeshifter)
  2 orange demons (WizLab)
  17 cane toads
  Psyche (D:8)
  A spectral redback (Spider:4)
  8 rime drakes
  7 demonic crawlers
  22 yaktaurs
  A redback zombie (Spider:4)
  A tengu conjurer (Depths:1)
  17 komodo dragons
  A hellwing (WizLab)
  An efreet (D:14)
  An ice devil (WizLab)
  A freezing wraith (D:13)
  5 trolls
  14 polar bears
  9 wind drakes
  22 jumping spiders
  13 merfolk
  3 spectral jumping spiders (Spider:4)
  8 hornets
  Prince Ribbit (D:7)
  20 dream sheep
  A raiju (shapeshifter) (D:14)
  11 slime creatures
  9 snapping turtles
  2 spectral tarantellas (Spider:4)
  2 tarantella zombies (Spider:4)
  11 blink frogs
  An air elemental (Elf:1)
  9 water elementals
  A spriggan (shapeshifter) (Elf:2)
  9 spriggans (Lair:6)
  6 wyverns
  Sigmund (D:6)
  2 ynoxinuls (WizLab)
  32 redbacks
  2 wraiths
  44 yaks
  4 shadows
  5 basilisks
  31 tarantellas
  2 neqoxecs
  3 chaos spawn (WizLab)
  A human (shapeshifter) (D:14)
  6 vampire mosquitoes
  15 water moccasins
  A floating eye (Depths:4)
  3 ice beasts
  22 orc warriors
  36 wolves
  An elf simulacrum (Vaults:3)
  12 ogres
  6 boggarts
  3 centaurs
  A lemure (D:4)
  A phantom (D:6)
  3 kobold brigands
  8 bullfrogs
  A human skeleton (Vaults:4)
  4 earth elementals
  2 scorpions (D:9)
  A water moccasin skeleton (D:5)
  11 killer bees
  4 wights (D:7)
  6 howler monkeys
  A bullfrog zombie (D:7)
  4 electric eels
  5 centaur zombies
  A hound (D:5)
  14 orc priests
  7 jellies
  2 centaur skeletons
  An iron imp (D:9)
  A gnoll shaman (D:9)
  6 iguanas
  13 orc wizards
  Natasha (thrice) (D:4 D:3)
  2 hell rats (Lair:3)
  A hound skeleton (D:5)
  2 howler monkey zombies
  15 gnolls
  6 adders
  3 river rats (Lair:3)
  3 white imps
  An ufetubus (D:5)
  An adder skeleton (D:4)
  2 worms
  3 dart slugs
  50 orcs
  11 endoplasms
  A giant cockroach (D:3)
  13 goblins
  10 hobgoblins
  3 quokkas (D:2)
  5 ball pythons
  5 bats
  2 frilled lizards
  31 kobolds
  11 rats
1229 creatures vanquished.

Vanquished Creatures (collateral kills)
  A caustic shrike (Depths:1)
  A Hellbinder (WizLab)
  A walking crystal tome (Depths:1)
  2 liches (Depths:1)
  A walking frostbound tome (Depths:1)
  A kraken (Shoals:4)
  An ancient champion (Vaults:2)
  Frances (D:12)
  A shadow dragon (Depths:1)
  An azure jelly (Shoals:3)
  5 frost giants
  The ghost of Usoddo Umaf the Arsonist, an adept DrFE of Sif Muna (Spider:4)
  3 fire giants
  5 vault wardens
  2 deep elf sorcerers (Elf:3)
  3 emperor scorpions
  A ghost moth (Spider:4)
  An orc warlord (Vaults:3)
  Aizul (Elf:2)
  3 deep elf elementalists
  5 ironbound preservers
  2 very ugly things
  A demonspawn blood saint (WizLab)
  A lorocyproca (WizLab)
  5 stone giants (Depths:1)
  5 deep elf annihilators
  A dire elephant (Vaults:3)
  2 ettins
  A merfolk javelineer (Shoals:4)
  6 deep elf death magi
  2 fire dragons
  2 deep elf high priests (Elf:3)
  3 merfolk impalers
  An ironbound thunderhulk (Vaults:3)
  7 yaktaur captains
  3 great orbs of eyes
  A hell beast (Depths:1)
  A hydra (D:13)
  2 boulder beetles
  6 ice dragons
  A peacekeeper (Vaults:3)
  A vault guard (Vaults:3)
  3 rakshasas (Depths:1)
  4 ironbound frosthearts
  2 merfolk aquamancers (Shoals:4)
  A catoblepas (Lair:6)
  2 merfolk avatars
  4 deep troll shamans (Depths:1)
  2 centaur warriors (Vaults:1)
  15 dancing weapons
  3 death scarabs (Spider:4)
  A tengu warrior (Depths:1)
  A deep troll earth mage (Depths:1)
  A vampire mage (Depths:1)
  5 deep elf knights
  2 spriggan berserkers (Depths:1)
  3 soul eaters
  2 sun demons (Depths:1)
  9 hell knights
  11 deep trolls
  3 glowing orange brains
  A spark wasp zombie (D:15)
  3 deep elf archers
  A flayed ghost (Depths:1)
  2 lindwurms (Vaults:3)
  3 shadow dragon zombies
  An orc knight (Vaults:3)
  10 deep elf pyromancers
  5 necromancers
  4 ironbound convokers
  A harpy (Shoals:1)
  4 orb spiders
  16 ugly things
  A glowing shapeshifter (Depths:1)
  11 deep elf zephyrmancers
  3 manticores
  A faun (Shoals:2)
  9 wolf spiders
  A moth of wrath (Spider:4)
  A cyclops (D:14)
  A smoke demon (Depths:1)
  A sphinx skeleton (Vaults:4)
  A fire giant skeleton (D:15)
  2 frost giant skeletons (Vaults:1)
  An orange demon (WizLab)
  2 rust devils
  2 vault sentinels (Vaults:3)
  A water nymph (Shoals:3)
  A water nymph (shapeshifter) (Depths:1)
  A cane toad (Lair:6)
  2 hellions (WizLab)
  4 rime drakes (IceCv)
  A torpor snail (Spider:4)
  18 yaktaurs
  A tormentor (WizLab)
  4 freezing wraiths
  3 tengu conjurers
  A hellwing (WizLab)
  An ice devil (WizLab)
  A demonic crawler (Spider:4)
  2 spectral redbacks (Spider:4)
  7 merfolk
  5 jumping spiders
  A wind drake (Shoals:1)
  3 polar bears (IceCv)
  4 hornets
  6 slime creatures
  3 spectral tarantellas (Spider:4)
  A human simulacrum (Vaults:2)
  A shadow (D:12)
  3 air elementals
  4 tarantellas
  10 redbacks
  3 water elementals
  5 spriggans (Lair:6)
  A ynoxinul (Depths:1)
  2 fire elementals
  A wyvern (Lair:6)
  A hog (shapeshifter) (D:13)
  A chaos spawn (Depths:1)
  A spectral hornet (Spider:4)
  A water moccasin (Lair:6)
  2 orc warriors (Bailey)
  An ice beast (Vaults:1)
  A boggart (Vaults:1)
  A wolf (Lair:6)
  A human skeleton (Vaults:1)
  4 earth elementals
  A white imp (Vaults:1)
  8 tentacles (Shoals:4)
381 creatures vanquished.

Vanquished Creatures (others)
  110 eldritch tentacles
  A vault warden (Vaults:1)
  A deep elf sorcerer (Elf:3)
  A deep elf elementalist (Elf:3)
  A deep elf knight (Elf:2)
  A necromancer (D:15)
  A deep elf zephyrmancer (Elf:3)
  A yaktaur (Vaults:1)
  A hornet (Spider:4)
  30 fungi
  128 plants
  14 tentacles (Shoals:4)
290 creatures vanquished.

Grand Total: 1900 creatures vanquished

Notes
Turn   | Place    | Note
-------+----------+-------------------------------------------
     0 | D:1      | oldriver the Djinni Air Elementalist began the quest for
                  | the Orb.
     0 | D:1      | Reached XP level 1. HP: 15/15 MP: 0/0
   297 | D:1      | Reached XP level 2. HP: 13/21 MP: 0/0
   865 | D:2      | Reached skill level 3 in Spellcasting
  1000 | D:2      | Reached XP level 3. HP: 21/25 MP: 0/0
  1000 | D:2      | Learned a level 1 spell: Animate Skeleton
  1256 | D:2      | Reached XP level 4. HP: 20/31 MP: 0/0
  1463 | D:2      | Found a faded altar of an unknown god.
  2427 | D:3      | Reached skill level 1 in Fighting
  2427 | D:3      | Reached XP level 5. HP: 29/37 MP: 0/0
  2427 | D:3      | Learned a level 2 spell: Blink
  2766 | D:3      | Reached skill level 4 in Spellcasting
  3320 | D:3      | Found a broken altar of Ashenzari.
  3654 | D:4      | Found the +1 cloak of Starlight {*Dazzle EV+4 Stlth--}
  3692 | D:4      | Noticed Natasha
  3706 | D:4      | Killed Natasha
  3707 | D:4      | Reached XP level 6. HP: 37/43 MP: 0/0
  3762 | D:4      | Found a staircase to the Ecumenical Temple.
  3768 | Temple   | Entered the Ecumenical Temple
  3997 | Temple   | Became a worshipper of Makhleb the Destroyer
  4044 | D:4      | Noticed Pikel
  4046 | D:4      | Noticed Natasha
  4200 | D:4      | Found a glowing silver altar of Zin.
  4430 | D:3      | Killed Natasha
  4858 | D:3      | Noticed Natasha
  4860 | D:3      | Killed Natasha
  5315 | D:4      | Reached XP level 7. HP: 41/49 MP: 0/0
  5315 | D:4      | Learned a level 3 spell: Conjure Flame
  5770 | D:4      | Killed Pikel
  5771 | D:4      | Reached skill level 6 in Spellcasting
  5771 | D:4      | Reached XP level 8. HP: 29/56 MP: 0/0
  6104 | D:5      | Entered Level 5 of the Dungeon
  6860 | D:5      | Reached XP level 9. HP: 59/62 MP: 0/0
  6860 | D:5      | Learned a level 4 spell: Iskenderun's Mystic Blast
  6911 | D:5      | Reached skill level 7 in Spellcasting
  7477 | D:6      | Noticed Sigmund
  7482 | D:6      | Killed Sigmund
  7498 | D:6      | Reached * piety under Makhleb
  8237 | D:6      | Reached skill level 5 in Fighting
  8237 | D:6      | Reached skill level 8 in Spellcasting
  8416 | D:7      | Noticed Prince Ribbit
  8419 | D:7      | Killed Prince Ribbit
  8899 | D:7      | Reached XP level 10. HP: 40/70 MP: 0/0
  9120 | D:7      | Reached skill level 9 in Spellcasting
  9237 | D:7      | Noticed a komodo dragon
  9241 | D:7      | Killed a komodo dragon
  9741 | D:8      | Noticed Psyche
  9742 | D:8      | Noticed a centaur warrior
  9993 | D:8      | Noticed Erica
 10004 | D:8      | Killed Erica
 10004 | D:8      | Reached ** piety under Makhleb
 10005 | D:8      | Reached skill level 10 in Spellcasting
 10013 | D:8      | Killed Psyche
 10171 | D:8      | Killed a centaur warrior
 10497 | D:8      | Reached XP level 11. HP: 65/78 MP: 0/0
 10497 | D:8      | Learned a level 4 spell: Animate Armour
 11109 | D:9      | Found a staircase to the Lair.
 11117 | D:9      | Reached skill level 11 in Spellcasting
 11594 | Lair:1   | Entered Level 1 of the Lair of Beasts
 11914 | Lair:1   | Reached skill level 12 in Spellcasting
 12263 | Lair:1   | Found a snail-covered altar of Cheibriados.
 12263 | Lair:1   | Noticed an oklob plant
 12647 | Lair:1   | Killed an oklob plant
 12751 | Lair:1   | Reached *** piety under Makhleb
 12766 | Lair:1   | Reached XP level 12. HP: 62/86 MP: 0/0
 13806 | Lair:2   | Found a hole to the Spider Nest.
 13841 | Lair:2   | Noticed Nergalle
 13847 | Lair:2   | Killed Nergalle
 13848 | Lair:2   | Reached skill level 13 in Spellcasting
 13959 | Lair:2   | Noticed a six-headed hydra
 13969 | Lair:2   | Killed a six-headed hydra
 15618 | Lair:3   | Identified the +1 robe of Benevolence {Str+2 Dex+3 SInv}
 15623 | Lair:3   | Acquired a manual of Fighting
 16081 | Lair:3   | Reached **** piety under Makhleb
 16266 | Lair:3   | Found a staircase to the Shoals.
 16272 | Lair:3   | Reached skill level 14 in Spellcasting
 16272 | Lair:3   | Reached XP level 13. HP: 88/94 MP: 0/0
 16272 | Lair:3   | Learned a level 5 spell: Silence
 16446 | Lair:4   | Noticed a five-headed hydra
 16455 | Lair:4   | Reached skill level 10 in Fighting
 16468 | Lair:4   | HP: 2/96 [elephant (9)]
 16481 | Lair:4   | Killed a five-headed hydra
 16898 | D:10     | Entered Level 10 of the Dungeon
 16973 | D:9      | Found an iron altar of Okawaru.
 16973 | D:9      | Found a sacrificial altar of Ru.
 17067 | D:9      | Found a snail-covered altar of Cheibriados.
 17447 | D:10     | Found a shadowy altar of Dithmenos.
 17970 | D:10     | Identified the ring "Dootred" {rElec rC+ rCorr Str+4}
 18010 | D:10     | Reached skill level 15 in Spellcasting
 18095 | D:10     | Found a transporter.
 18100 | D:10     | Found a basalt altar of Yredelemnul.
 18119 | D:10     | Found a transporter.
 18188 | D:10     | Found a staircase to the Orcish Mines.
 18882 | D:11     | Reached ***** piety under Makhleb
 19923 | D:12     | Reached XP level 14. HP: 53/105 MP: 0/0
 20018 | D:12     | Noticed Frances
 20192 | Orc:1    | Entered Level 1 of the Orcish Mines
 20234 | Orc:2    | Entered Level 2 of the Orcish Mines
 20234 | Orc:2    | Found Vioczor's Distillery.
 20239 | Orc:2    | Reached skill level 5 in Dodging
 20613 | Orc:2    | Found a staircase to the Elven Halls.
 20643 | Orc:2    | Paralysed by an orc sorcerer for 2 turns
 21096 | Orc:2    | Reached skill level 16 in Spellcasting
 21100 | Orc:2    | Found Qishrar's Jewellery Emporium.
 21107 | Orc:2    | Found Gasiox's Jewellery Emporium.
 21107 | Orc:2    | Found Otetumyu's Assorted Antiques.
 23040 | Orc:2    | Found Vistups's General Store.
 23050 | Orc:2    | Bought a lumpy orange potion for 21 gold pieces
 23050 | Orc:2    | Bought a scroll labelled SUZEUL REURO for 24 gold pieces
 23050 | Orc:2    | Bought a scroll labelled SUZEUL REURO for 24 gold pieces
 23060 | Orc:2    | Bought the amulet "Utwaptume" {Will++ Regen+ Str-2} for 700
                  | gold pieces
 23261 | Orc:1    | Noticed Gastronok
 23272 | Orc:1    | Killed Gastronok
 23441 | Orc:2    | Bought the ring of Brilliance {rN+ Slay+2} for 601 gold
                  | pieces
 24597 | Lair:4   | Reached skill level 17 in Spellcasting
 24874 | Lair:5   | Reached XP level 15. HP: 105/114 MP: 0/0
 24874 | Lair:5   | Learned a level 6 spell: Summon Cactus Giant
 24906 | Lair:5   | Reached ****** piety under Makhleb
 24918 | Lair:5   | Identified the amulet "Rejufuen" {Faith Harm +Blink Slay-6
                  | Stlth+}
 25745 | Lair:6   | Entered Level 6 of the Lair of Beasts
 25939 | Lair:6   | Found a staircase to the Slime Pits.
 26483 | Lair:6   | Reached skill level 18 in Spellcasting
 27322 | D:12     | Noticed Rupert
 27329 | D:12     | Noticed Nessos
 27330 | D:12     | Killed Rupert
 27335 | D:12     | Killed Nessos
 27653 | D:12     | Killed Frances
 27654 | D:12     | Reached XP level 16. HP: 105/124 MP: 0/0
 28679 | D:13     | Reached skill level 15 in Fighting
 29057 | D:13     | Found a gate to the Vaults.
 29438 | D:14     | Found a flagged portal.
 29450 | D:14     | Reached skill level 19 in Spellcasting
 29466 | Bailey   | Entered a bailey
 30266 | Spider:1 | Entered Level 1 of the Spider Nest
 31122 | Spider:2 | Reached XP level 17. HP: 65/133 MP: 0/0
 31122 | Spider:2 | Learned a level 7 spell: Malign Gateway
 32829 | Spider:4 | Entered Level 4 of the Spider Nest
 32900 | Spider:4 | Reached skill level 20 in Spellcasting
 32904 | Spider:4 | Noticed Arachne
 32912 | Spider:4 | Killed Arachne
 33016 | Spider:4 | Noticed Usoddo Umaf's ghost (adept DrFE)
 33016 | Spider:4 | Found a runed translucent door.
 33032 | Spider:4 | Reached skill level 1 in Shields
 34122 | Spider:4 | Reached XP level 18. HP: 118/141 MP: 0/0
 34397 | Spider:4 | Reached skill level 21 in Spellcasting
 34512 | Spider:4 | Got a gossamer rune of Zot
 34739 | Spider:4 | Killed Usoddo Umaf's ghost
 35307 | Shoals:1 | Entered Level 1 of the Shoals
 35549 | D:15     | Entered Level 15 of the Dungeon
 35587 | D:15     | Identified the +7 hand axe "Tedaewn" {protect, Str+4}
 35588 | D:15     | Identified the +7 hand axe of Indignation {vorpal, Int+3}
 35729 | D:15     | Found an ornate altar of the Wu Jian Council.
 36777 | D:15     | Found a staircase to the Depths.
 37174 | Elf:1    | Entered Level 1 of the Elven Halls
 37316 | Elf:1    | Paralysed by an air elemental for 1 turns
 37457 | Elf:1    | Identified the +3 dagger of Sabonaso {flame, rF- rC+ Str+4
                  | Dex+2}
 37546 | Elf:1    | Found a magical portal.
 37555 | WizLab   | Entered The Hall of the Hellbinder
 38252 | WizLab   | Identified the +11 lajatang of Goniacie {vamp, *Rage Fly
                  | rC+ Str+6}
 38252 | WizLab   | Noticed Teokagh
 38255 | WizLab   | Killed Teokagh the Hellbinder
 38387 | WizLab   | Found a burning altar of Makhleb.
 38396 | WizLab   | Identified the amulet "Zevoytust" {Reflect -Tele Str+7
                  | SH+5}
 38427 | WizLab   | Identified the ring of Touwen {rC+ Str+4 Int+3}
 38498 | Elf:1    | Reached XP level 19. HP: 148/148 MP: 0/0
 38498 | Elf:1    | Learned a level 6 spell: Simulacrum
 38516 | Elf:1    | Reached XP level 20. HP: 138/155 MP: 0/0
 38891 | Elf:1    | Reached skill level 22 in Spellcasting
 38999 | Elf:1    | Found Veriliru's Antique Armour Boutique.
 40839 | Shoals:3 | Found a frozen archway.
 40970 | IceCv    | Entered an ice cave
 41947 | Shoals:3 | Acquired the +3 kite shield "Qoarr" {rC+ MP+9 Int+3}
 42363 | Shoals:4 | Entered Level 4 of the Shoals
 42479 | Shoals:4 | Identified the +5 quarterstaff of an ossuary {flame, MP+9}
 42854 | Shoals:4 | Reached XP level 21. HP: 157/163 MP: 0/0
 42854 | Shoals:4 | Learned a level 8 spell: Summon Horrible Things
 43020 | Shoals:4 | Reached skill level 23 in Spellcasting
 43347 | Shoals:4 | Got a barnacled rune of Zot
 43601 | Shoals:4 | Identified the +1 chain mail "Niupn" {Int+4}
 44362 | Shoals:4 | Identified the +9 shortbow "Cimoel" {freeze, Fly rN+ Str+3
                  | Stlth+}
 45364 | Vaults:1 | Entered Level 1 of the Vaults
 45615 | Vaults:1 | Found a portal to a secret trove of treasure.
 47785 | Vaults:2 | Found a staircase to the Crypt.
 48124 | Vaults:2 | Reached skill level 24 in Spellcasting
 48128 | Vaults:2 | Reached XP level 22. HP: 120/171 MP: 0/0
 48723 | Vaults:2 | Noticed shoop's ghost (adept VSSu)
 48724 | Vaults:2 | Found a transporter.
 48724 | Vaults:2 | Identified the +6 great mace of Disintegration {flame,
                  | Drain Int+6}
 49970 | Vaults:3 | Found Davot's Distillery.
 49978 | Vaults:3 | Bought a potion of heal wounds for 105 gold pieces
 49978 | Vaults:3 | Bought a potion of heal wounds for 105 gold pieces
 49978 | Vaults:3 | Bought a potion of resistance for 210 gold pieces
 50110 | Vaults:3 | Found Lyddopso's Assorted Antiques.
 50136 | Vaults:3 | Found Yfor's Book Shoppe.
 50536 | Vaults:3 | Found Riekkoypp's Distillery.
 50547 | Vaults:3 | Bought a potion of heal wounds for 110 gold pieces
 51096 | Vaults:3 | Noticed Donald
 51112 | Vaults:3 | Killed Donald
 52415 | Vaults:4 | Reached skill level 25 in Spellcasting
 52610 | Vaults:4 | Reached XP level 23. HP: 150/178 MP: 0/0
 52610 | Vaults:4 | Learned a level 8 spell: Disjunction
 53177 | Depths:1 | Entered Level 1 of the Depths
 53974 | Depths:1 | Found a gateway to Hell.
 54057 | Depths:1 | Found an opulent altar of Gozag.
 54424 | Depths:1 | Noticed a caustic shrike
 54429 | Depths:1 | Killed a caustic shrike
 55802 | Depths:1 | Found a one-way gate leading to the halls of Pandemonium.
 56141 | Elf:2    | Reached skill level 26 in Spellcasting
 56229 | Elf:2    | Paralysed by an air elemental for 1 turns
 56266 | Elf:2    | Found a flickering gateway to a bazaar.
 56281 | Bazaar   | Entered a bazaar
 56306 | Bazaar   | Found Abofokky's Antique Armour Boutique.
 56338 | Bazaar   | Found Plog's General Store.
 56375 | Bazaar   | Found Kanid's Book Emporium.
 56389 | Bazaar   | Found Vuruf's Distillery.
 56397 | Bazaar   | Bought 2 potions of heal wounds for 120 gold pieces
 56621 | Elf:2    | Reached XP level 24. HP: 171/187 MP: 0/0
 56749 | Elf:2    | Noticed Aizul
 56753 | Elf:2    | Killed Aizul
 57004 | Elf:2    | Found a runed translucent gate.
 57004 | Elf:2    | Found a runed translucent gate.
 57005 | Elf:2    | Found a runed translucent gate.
 57536 | Elf:3    | Entered Level 3 of the Elven Halls
 58190 | Elf:3    | Found Zydimpept's Antique Armour Emporium.
 58217 | Elf:3    | Bought a brightly glowing robe for 210 gold pieces
 58217 | Elf:3    | Identified the +1 robe of Zodes {Regen+ Dex+4 Stlth+} (You
                  | bought it in a shop on level 3 of the Elven Halls)
 58317 | Elf:3    | Identified the +4 flail of the Warrior-Mage {speed, rN++
                  | Str+4}
 58425 | Elf:3    | Identified the +10 hand axe of the Boiling Point {elec,
                  | rPois Str+4 Dex+2}
 58425 | Elf:3    | Identified the ring "Owkuh" {rPois SInv}
 59431 | Elf:3    | Identified the +9 plate armour "Foth" {rC- MP+9 Dex+4}
 59599 | Elf:3    | Identified the +2 flail of Big Damage {vorpal, rC+ MP+9
                  | Str+3}
 59900 | Elf:3    | Found Oneocups's Assorted Antiques.
 59905 | Elf:3    | Found Taoseer's General Store.
 59909 | Elf:3    | Found Cozxoug's Magic Scroll Shop.
 59950 | Elf:3    | Bought a scroll of teleportation for 39 gold pieces
 59950 | Elf:3    | Bought a scroll of teleportation for 39 gold pieces
 59950 | Elf:3    | Bought a scroll of teleportation for 39 gold pieces
 59954 | Elf:3    | Bought a scroll of teleportation for 111 gold pieces
 59954 | Elf:3    | Bought a scroll of teleportation for 111 gold pieces
 60467 | Depths:1 | Upgraded the game from 0.28-a0-938-gbc3f381ebc to
                  | 0.28-a0-957-g42eb19b844
 60597 | Depths:2 | Found a gateway to a ziggurat.
 60633 | Depths:2 | You are sucked into a shaft and drop 2 floors!
 60633 | Depths:4 | Entered Level 4 of the Depths
 60635 | Depths:4 | Noticed Margery
 60652 | Depths:4 | Found Hivutani's Assorted Antiques.
 60684 | Depths:3 | Noticed a caustic shrike
 60684 | Depths:3 | Noticed a caustic shrike
 60685 | Depths:3 | Noticed a caustic shrike
 60689 | Depths:3 | HP: 7/188 [caustic shrike (9)]
 60689 | Depths:3 | HP: 2/188 [acid (5)]
 60689 | Depths:3 | Slain by a caustic shrike

Illustrated notes

Levels and vault maps discovered:
D:1:      lightli_arrival_statue_moat, layout_rooms,
          chequers_serial_rivers_micro_c
D:2:      layout_loops_ring, shapermc_ecumenical_altar_mp_highgroup,
          kennysheep_pointless_box, amethyst_killhole, minmay_misc_feat_iff
D:3:      layout_basic, mainiacjoe_overflow_catwalk
D:4:      layout_rooms, mainiacjoe_overflow_small_starburst, temple_green,
          chequers_ossuary_entry_cave, serial_bayou_ford_a, minmay_between,
          uniq_pikel, uniq_natasha
D:5:      layout_loops_corners, st_stairs_8, minmay_misc_feat_five,
          chequers_serial_rivers_micro_d
D:6:      layout_basic, serial_glass, glass_columns_a, glass_columns_a,
          uniq_sigmund
D:7:      kennysheep_spiral_hall, layout_basic,
          mainiacjoe_overflow_cross_hatched, uniq_prince_ribbit1
D:8:      layout_cave_pools, uniq_psyche, uniq_erica
D:9:      layout_cave_pools, slow_altar_2, gammafunk_temple_overflow_statue,
          grunt_lair_entry_orc_guard_hut, kennysheep_potato
D:10:     layout_gridville, nicolae_dithmenos_shadow_blocks,
          gammafunk_temple_of_torment
D:11:     layout_basic
D:12:     layout_basic, nicolae_elevator_lobby_asterisk, uniq_rupert,
          uniq_nessos, uniq_frances
D:13:     layout_long_grid, david_vaults_5
D:14:     layout_cave_pods, nicolae_wwwww, enter_bailey_5
D:15:     gammafunk_depths_entry_grave, layout_loops_ring, basic_altar,
          evilmike_butchery
Temple:   oiseaux_autumnal_temple
Lair:1:   dpeg_oklob_gauntlet, layout_big_grid, lemuel_oklob_altar
Lair:2:   layout_regular_city, spider_nest_entry_rubble,
          chequers_serial_rivers_micro_b, st_stairs_9, uniq_nergalle
Lair:3:   layout_chaotic_city, minmay_shoals_entry_lonely_mermaid,
          kennysheep_abandoned_house
Lair:4:   layout_regular_city, nicolae_lair_run_with_the_wolves,
          serial_bayou_shore_b, lemuel_fruit_tree, grunt_megastairs_2,
          serial_bayou_shore_b
Lair:5:   wander_river, layout_regular_city, lemuel_old_faithful,
          serial_bayou_shore_b
Lair:6:   minmay_lair_end_enchanted_forest, layout_cave_pods,
          nicolae_slime_entry_slimehenge, nicolae_volcano_entry_s_turn
Shoals:1: layout_shoals
Shoals:2: layout_shoals, overgrown_hall
Shoals:3: layout_shoals, portal_ice_cave_entry_frozen_things
Shoals:4: shoals_end_hangedman, layout_shoals
Spider:1: layout_chambers, nicolae_spider_altar_of_dancing,
          hangedman_spider_tarantella_strand
Spider:2: layout_spider_delve
Spider:3: layout_spider_delve, nicolae_spider_twisty_arc_passages
Spider:4: floodkiller_spider_rune_tomb, hellmonk_ghost_happy_afterlife,
          nicolae_spider_bug_shape, uniq_arachne
Orc:1:    layout_diamond_mine, uniq_gastronok
Orc:2:    st_orc_elflike, layout_diamond_mine, serial_shops, shop_fountains
Elf:1:    layout_loops_corners, serial_shops, shop_statue, mu_enter_wizlab_5,
          minmay_elf_crystal_hexagon, nicolae_elf_blasts_and_bolts
Elf:2:    elven_hall_of_blades_hangedman_original [nicolae_blade_bullseye],
          layout_geoelf_grid, serial_shops, bzr_entry_islet, st_stairs_8,
          uniq_aizul
Elf:3:    minmay_elf_hall_dome, layout_loops_cross, serial_shops, shop,
          nicolae_wooded_promenade
Vaults:1: hangedman_vaults_cutoff, v_misc_28, v_misc_31,
          nicolae_vaults_good_morning_starshine, serial_ice_g,
          nicolae_vaults_little_squares_2, vaults_mumra_chevron_long,
          vaults_mumra_hexcomb, layout_vaults_big_cross, enter_trove_0
Vaults:2: gammafunk_ghost_smash, vaults_room_semicircle, vaults_dpeg_ring,
          nicolae_vaults_little_squares_4, v_misc_22,
          nicolae_vaults_fighting_squares, v_misc_5, vaults_dpeg_diagonal,
          minmay_crypt_entry_simple_sparse, ontoclasm_vaults_gateway,
          nicolae_vaults_little_squares_3, layout_vaults_omnigrid
Vaults:3: nicolae_vaults_windows_and_doors_thing, nicolae_vaults_hallways_thing,
          nicolae_vaults_quadrants, v_misc_10, v_misc_9,
          nicolae_vaults_asterisk, vaults_dpeg_cross, grunt_vaults_swirl,
          nicolae_vaults_network_periphery, vaults_mumra_lcd, v_misc_9,
          serial_ice_g, hangedman_vaults_stretched_pinwheel, v_misc_23,
          layout_vaults_omnibox, serial_shops, nicolae_shop_behind_doors,
          nicolae_shop_stone, shop, shop, uniq_donald
Vaults:4: nicolae_vaults_octagons, vaults_room_pool, hangedman_vaults_locks,
          v_pattern_5, vaults_room_ringed_pool, v_misc_33, v_rooms_5, v_rooms_5,
          vaults_room_corners, nicolae_vaults_asterisk, ontoclasm_vaults_twist,
          layout_vaults_maze_snakey
Depths:1: minmay_the_grid_square_5x5_5x5
          [minmay_the_grid_square_5x5_half_checkered,
          minmay_the_grid_square_5x5_tie, minmay_the_grid_square_5x5_shuriken,
          minmay_the_grid_square_5x5_trominoes,
          minmay_the_grid_square_5x5_eight_small,
          minmay_the_grid_square_5x5_doubleslash,
          minmay_the_grid_square_5x5_prize_open, minmay_the_grid_square_5x5_n,
          minmay_the_grid_square_5x5_prize_junk,
          minmay_the_grid_square_5x5_pentomino_r, minmay_the_grid_square_5x5_c,
          minmay_the_grid_square_5x5_two, minmay_the_grid_square_5x5_prize_open,
          minmay_the_grid_square_5x5_spiral_small,
          minmay_the_grid_square_5x5_inner_i, minmay_the_grid_square_5x5_corner,
          minmay_the_grid_square_5x5_prize_open,
          minmay_the_grid_square_5x5_beaten_path,
          minmay_the_grid_square_5x5_prize_pseudospiral,
          minmay_the_grid_square_5x5_tetrominoes,
          minmay_the_grid_square_5x5_almost_minimal,
          minmay_the_grid_square_5x5_fat_x, minmay_the_grid_square_5x5_empty,
          minmay_the_grid_square_5x5_checkered,
          minmay_the_grid_square_5x5_shrine2], layout_gridlike, hell_entry,
          skrybe_limestone_x, grunt_pan_entry_in_and_out, corner_web_ring,
          st_stairs_7, grunt_gozag_statues
Depths:2: minmay_octo_star, layout_honeycomb, enter_ziggurat_a, hell_entry,
          grunt_pan_entry_spiral, old_standard_altar
Depths:3: minmay_bad_star, layout_honeycomb, hell_entry,
          ashenzari_conservatory_becter, hangedman_abyss_entry_splay,
          kennysheep_small_circle, uniq_jory
Depths:4: hangedman_spin_cycle, hell_entry, abyss_entry

Skill      XL: |  1  2  3  4  5  6  7  8  9 10 11 12 13 14 15 16 17 18 19 20 21 22 23 |
---------------+----------------------------------------------------------------------+-----
Spellcasting   | 3 4 6 8 10 12 14 15 17 18 19 20 21 22 24 25 26 | 26.8
Fighting       | 1 2 3 4 5 6 7 9 11 13 14 15 16 17 18 19 20 | 20.5
Stealth        | 2 3 |  3.8
Dodging        | 3 4 5 6 |  6.9
Shields        | 1 3 4 |  4.9
Short Blades   | |  0.3
Maces & Flails | |  0.1
Staves         | |  0.5

Action                   |  1- 3 |  4- 6 |  7- 9 | 10-12 | 13-15 | 16-18 | 19-21 | 22-24 || total
-------------------------+-------+-------+-------+-------+-------+-------+-------+-------++-------
Melee: Short sword       |       |    19 |       |       |       |       |       |       ||    19
       Flail             |       |       |       |     1 |       |       |       |     4 ||     5
       Staff             |       |       |       |     1 |    19 |     6 |     5 |    19 ||    50
 Cast: Shock             |    60 |   128 |   123 |    36 |    18 |    13 |     1 |     3 ||   382
       Animate Skeleton  |     1 |       |       |       |       |       |       |       ||     1
       Blink             |       |     4 |       |       |     3 |       |     1 |     1 ||     9
       Static Discharge  |       |     6 |    22 |     4 |     3 |     3 |       |       ||    38
       Conjure Flame     |       |       |     2 |     1 |     3 |     1 |       |       ||     7
       Airstrike         |       |       |    26 |   202 |   537 |   542 |   699 |   843 ||  2849
       Iskenderun's Myst |       |       |     4 |    62 |   162 |   215 |    85 |   113 ||   641
       Animate Armour    |       |       |       |    12 |     8 |     1 |       |       ||    21
       Summon Cactus Gia |       |       |       |       |    21 |    65 |    61 |   102 ||   249
       Silence           |       |       |       |       |     1 |       |       |     1 ||     2
       Malign Gateway    |       |       |       |       |       |    25 |    31 |    55 ||   111
       Simulacrum        |       |       |       |       |       |       |     7 |    13 ||    20
       Summon Horrible T |       |       |       |       |       |       |     2 |    37 ||    39
       Disjunction       |       |       |       |       |       |       |       |     6 ||     6
Evoke: Wand              |       |       |       |       |       |     3 |       |       ||     3
  Use: Scroll            |       |     4 |       |     4 |    16 |     6 |     3 |     6 ||    39
       Potion            |       |     4 |       |     1 |     5 |     8 |       |     5 ||    23
 Stab: Invisible         |       |     1 |       |       |     1 |       |       |       ||     2
Armor: Robe              |     2 |    18 |     7 |     8 |    13 |    68 |    16 |    30 ||   162
Dodge: Dodged            |    10 |    70 |    30 |    36 |    87 |   184 |    96 |   154 ||   667
Block: Buckler           |       |       |       |       |     1 |    46 |    11 |       ||    58
       Kite shield       |       |       |       |       |       |       |    56 |   137 ||   193

Table legend: (Time is in decaauts)
 A = Elapsed time spent in this place.
 B = Non-inter-level travel time spent in this place.
 C = Inter-level travel time spent in this place.
 D = Time resting spent in this place.
 E = Time spent auto-exploring this place.
 F = Levels seen in this place.
 G = Mean time per level.
                   A        B        C        D        E       F      G
               +--------+--------+--------+--------+--------+-----+--------+
         Total |  60793 |  55709 |   5084 |  17252 |  26260 |  47 | 1293.5 |
       Dungeon |  20440 |  17867 |   2573 |   6170 |   9553 |  15 | 1362.7 |
        Temple |    265 |    208 |     57 |      0 |    196 |   1 |  265.0 |
          Lair |   9276 |   8687 |    589 |   3107 |   4095 |   6 | 1546.0 |
        Shoals |   4836 |   4611 |    225 |    817 |   2709 |   4 | 1209.0 |
   Spider Nest |   4619 |   4386 |    233 |   1150 |   2129 |   4 | 1154.8 |
  Orcish Mines |   3584 |   3145 |    439 |   1865 |    783 |   2 | 1792.0 |
   Elven Halls |   4839 |   4395 |    444 |    887 |   1769 |   3 | 1613.0 |
        Vaults |   7713 |   7378 |    335 |   2079 |   3473 |   4 | 1928.2 |
        Depths |   2989 |   2803 |    186 |    572 |    866 |   4 |  747.2 |
        Bazaar |    168 |    168 |      0 |      0 |    159 |   1 |  168.0 |
        Bailey |    266 |    266 |      0 |     47 |     75 |   1 |  266.0 |
      Ice Cave |    886 |    886 |      0 |    185 |    276 |   1 |  886.0 |
        Wizlab |    905 |    905 |      0 |    372 |    177 |   1 |  905.0 |
               +--------+--------+--------+--------+--------+-----+--------+

Top non-repeatable levels by time:
Depths:1: 2799 daAuts
Vaults:3: 2716 daAuts
   Orc:2: 2608 daAuts
  Lair:1: 2275 daAuts
Vaults:1: 2251 daAuts
     D:3: 2183 daAuts
Spider:4: 1960 daAuts
  Lair:3: 1839 daAuts
   Elf:2: 1784 daAuts
Vaults:2: 1764 daAuts
Shoals:4: 1763 daAuts
  Lair:2: 1697 daAuts
   Elf:3: 1637 daAuts
    D:11: 1564 daAuts
    D:13: 1512 daAuts
